 Dungeon Crawl Stone Soup version 0.25.1-2-g60ff931df9 (webtiles) character file.

Game seed: 18439110011988645574

119 Peloso the Covered (level 4, -10/40 HPs)
             Began as a Minotaur Fighter on Aug 9, 2020.
             Killed by divine providence
             ... invoked by an orc priest
              (14 damage)
             ... on level 3 of the Dungeon.
             The game lasted 00:04:35 (2273 turns).

Peloso the Covered (Minotaur Fighter)               Turns: 2273, Time: 00:04:36

Health: -10/40     AC:  7    Str: 20    XL:     4   Next: 74%
Magic:  3/3        EV:  8    Int:  5    God:
Gold:   138        SH:  9    Dex: 11    Spells: 3/3 levels left

rFire    . . .     SeeInvis .   a - +0 long sword
rCold    . . .     Gourm    .   c - +0 kite shield
rNeg     . . .     Faith    .   b - +0 scale mail
rPois    .         Spirit   .   (helmet restricted)
rElec    .         Reflect  .   (no cloak)
rCorr    .         Harm     .   (no gloves)
MR       .....                  (no boots)
Stlth    ..........             (no amulet)
HPRegen  0.13/turn              (no ring)
MPRegen  0.08/turn              (no ring)

@: no status effects
A: retaliatory headbutt, horns 2
a: no special abilities


You were on level 3 of the Dungeon.
You were not hungry.

You visited 1 branch of the dungeon, and saw 3 of its levels.

You collected 138 gold pieces.

Inventory:

Hand Weapons
 a - a +0 long sword (weapon)
Missiles
 n - 18 bolts
Armour
 b - a +0 scale mail (worn)
 c - a +0 kite shield (worn)
Jewellery
 p - a cursed +4 ring of evasion {unknown}
Scrolls
 g - 5 scrolls of identify {unknown}
 i - 2 scrolls of amnesia {unknown}
 k - a scroll of enchant weapon {unknown}
 o - a scroll of fear {unknown}
 q - a scroll of noise {unknown}
 s - a scroll of remove curse {unknown}
Potions
 d - a potion of might
 e - 2 potions of heal wounds
 l - a potion of brilliance
Comestibles
 f - 4 rations
 h - a chunk of flesh


   Skills:
 + Level 4.2 Fighting
 + Level 3.4 Long Blades
 + Level 4.7 Armour
 + Level 1.1 Dodging
 + Level 0.1 Stealth
 + Level 4.5 Shields


You had 3 spell levels left.
You didn't know any spells.
Your spell library was empty.

Dungeon Overview and Level Annotations

Branches:
Dungeon (3/15)

Altars:


Innate Abilities, Weirdness & Mutations

You reflexively headbutt those who attack you in melee.
You have a pair of horns on your head.


Message History

The orc priest is almost dead.
You block the orc priest's attack.
You closely miss the orc priest.
The orc priest is almost dead.
The orc priest misses you.
You barely miss the orc priest. Your headbutt misses the orc priest.
The orc priest is almost dead.
The orc priest hits you with a +3 dagger.
* * * LOW HITPOINT WARNING * * *
The orc priest hits you with a +3 dagger.
* * * LOW HITPOINT WARNING * * *
You closely miss the orc priest.
The orc priest is almost dead.
You block the orc priest's attack.
You barely miss the orc priest.
The orc priest is almost dead.
The orc priest hits you but does no damage.
The orc priest mumbles some strange prayers to Beogh against you.
Beogh smites you!
You die...

## #. .. #. #
....###.########.#
.......#.)[†))@..#
##(#####o##......
#..# #.# #####
#.## #.# #.# #.#
##### #.# #.#
....# #.# #.#
#.#.####.# #..
#........#


You could see an orc priest.

Vanquished Creatures
  Robin (D:2)
  A gnoll (D:1)
  An adder (D:2)
  A worm (D:2)
  7 leopard geckos
  3 orcs (D:3)
  8 bats
  5 giant cockroaches
  16 goblins
  9 hobgoblins
  3 kobolds
  3 quokkas (D:2)
  2 ball pythons
  2 frilled lizards
  8 rats
70 creatures vanquished.

Notes
Turn   | Place    | Note
-------+----------+-------------------------------------------
     0 | D:1      | Peloso the Minotaur Fighter began the quest for the Orb.
     0 | D:1      | Reached XP level 1. HP: 19/19 MP: 0/0
   338 | D:1      | Reached XP level 2. HP: 25/27 MP: 1/1
   772 | D:1      | Reached XP level 3. HP: 33/33 MP: 2/2
  1426 | D:2      | Noticed Robin
  1433 | D:2      | Reached XP level 4. HP: 40/40 MP: 3/3
  1457 | D:2      | Killed Robin
  1845 | D:2      | Reached skill level 1 in Dodging
  2273 | D:3      | Killed from afar by an orc priest

Illustrated notes

Levels and vault maps discovered:
D:1:      dpeg_arrival_snail, layout_basic
D:2:      layout_loops_ring, minmay_fountain_box, uniq_robin
D:3:      layout_loops_ring, first_ration, minmay_quantized

Skill      XL: |  1  2  3  4 |
---------------+-------------+-----
Shields        | 4 |  4.5
Armour         | 4 |  4.7
Fighting       | 4 |  4.2
Long Blades    | 3 |  3.4
Dodging        | 1 |  1.1
Stealth        | |  0.1

Action                   |  1- 3 |  4- 6 || total
-------------------------+-------+-------++-------
Melee: Long sword        |   118 |    71 ||   189
       Headbutt          |    14 |     9 ||    23
  Use: Potion            |       |     5 ||     5
  Eat: Chunk             |     2 |     3 ||     5
Armor: Scale mail        |    70 |    47 ||   117
Dodge: Dodged            |    36 |    26 ||    62
Block: Kite shield       |   101 |    44 ||   145
       Rpst.: Long sword |     7 |     6 ||    13
